AoeStats
← EmbodiedSmile57

Lombardia

509734282Analyzed
4v4 RM · 6d ago on Sep 27, 2026· 75m 50s· 8 players
Game mode
Random Map
Map size
Large (8 player)
Population
200
Speed
Normal
Resources
Standard
Victory
Conquest
Starting age
Dark Age
Ending age
Imperial Age
RankedLock teamsTeams togetherTeam positionsShared explorationLock speedFull tech treeHidden civsTurbo modeCheats
Victory
Defeat
🇺🇸 Byzantines · United States
851
+12
🇺🇸 Slavs · United States
835
+13
🇺🇸 Danes · United States
827
+13
🇺🇸 Franks · United States
636
+20
🇷🇺 Goths · Russia
787
-16
🇬🇧 Magyars · United Kingdom
781
-42
🇷🇺 Slavs · Russia
729
-32
🇧🇬 Malians · Bulgaria
729
-32
Isya
12:10 Feudal Age
12:31 Horse Collar
12:39 Double-Bit Axe
18:12 Castle Age
28:40 Pikeman
30:20 Wheelbarrow
31:28 Corvinian Army
34:11 Scale Barding Armor
37:18 Chain Barding Armor
36:58 Arson
42:26 Imperial Age
40:11 Scale Mail Armor
42:54 Cavalier
43:38 Husbandry
43:48 Bloodlines
43:29 Man-at-Arms
44:21 Long Swordsman
45:08 Two-Handed Swordsman
46:25 Conscription
45:54 Champion
50:49 Chain Mail Armor
51:51 Halberdier
52:53 Caravan
56:05 Murder Holes
61:04 Plate Barding Armor
64:11 Chemistry
63:32 Ballistics
66:38 Elite Magyar Huszar
73:02 Fletching
73:15 Padded Archer Armor
74:02 Bodkin Arrow
74:22 Crossbowman
75:09 Thumb Ring
75:25 Arbalester
Тётя Чика
14:44 Feudal Age
15:14 Double-Bit Axe
15:12 Horse Collar
15:24 Gold Mining
15:25 Stone Mining
26:49 Castle Age
27:24 Forging
27:14 Scale Mail Armor
27:33 Heavy Plow
31:03 Gold Shaft Mining
31:03 Stone Shaft Mining
30:42 Bow Saw
30:02 Pikeman
30:43 Squires
31:20 Iron Casting
31:01 Chain Mail Armor
36:21 Imperial Age
37:33 Fortified Wall
37:50 Elite Gbeto
51:44 Plate Mail Armor
51:21 Caravan
51:51 Coinage
51:32 Guilds
57:05 Banking
57:17 Crop Rotation
69:01 Tigui
69:25 Scale Barding Armor
Cybertyank
13:34 Feudal Age
14:53 Wheelbarrow
14:21 Horse Collar
14:54 Double-Bit Axe
15:24 Man-at-Arms
22:31 Stone Mining
22:31 Gold Mining
26:17 Bloodlines
30:54 Castle Age
32:24 Husbandry
31:45 Light Cavalry
33:15 Hand Cart
33:17 Caravan
33:49 Coinage
33:55 Loom
34:53 Gold Shaft Mining
35:24 Forging
35:19 Scale Barding Armor
35:15 Scale Mail Armor
35:43 Bow Saw
37:59 Detinets
40:39 Iron Casting
40:20 Chain Mail Armor
40:25 Chain Barding Armor
44:40 Heavy Plow
51:12 Imperial Age
52:54 Banking
52:16 Elite Boyar
56:04 Blast Furnace
55:35 Plate Mail Armor
55:41 Plate Barding Armor
55:56 Druzhina
60:50 Hoardings
63:59 Masonry
64:11 Ballistics
64:01 Fortified Wall
73:45 Pikeman
74:25 Squires
Kopcap
8:05 Loom
14:25 Feudal Age
15:26 Man-at-Arms
16:47 Forging
16:38 Horse Collar
18:02 Scale Mail Armor
19:36 Wheelbarrow
31:49 Castle Age
32:02 Long Swordsman
32:45 Squires
33:25 Iron Casting
33:05 Chain Mail Armor
34:12 Double-Bit Axe
41:45 Anarchy
44:53 Pikeman
49:11 Imperial Age
50:36 Conscription
52:03 Bow Saw
52:05 Heavy Plow
53:20 Perfusion
55:56 Blast Furnace
55:20 Guilds
55:10 Caravan
57:06 Two-Man Saw
56:48 Hand Cart
56:38 Halberdier
EmbodiedSmile57
7:45 Loom
11:48 Feudal Age
12:32 Double-Bit Axe
12:56 Gold Mining
17:22 Stone Mining
23:00 Castle Age
21:16 Man-at-Arms
25:24 Scale Barding Armor
32:24 Imperial Age
32:04 Pikeman
33:52 Bow Saw
34:33 Long Swordsman
34:43 Cavalier
36:42 Forging
36:53 Chain Barding Armor
36:33 Scale Mail Armor
38:48 Two-Handed Swordsman
43:14 Paladin
50:57 Iron Casting
50:57 Plate Barding Armor
50:59 Chain Mail Armor
51:09 Husbandry
54:46 Conscription
54:27 Chivalry
55:53 Caravan
56:58 Blast Furnace
56:29 Plate Mail Armor
56:52 Squires
56:38 Gambesons
56:39 Arson
56:16 Halberdier
56:18 Champion
71:42 Wheelbarrow
72:58 Elite Throwing Axeman
chicken hatter
7:16 Loom
9:54 Feudal Age
11:02 Double-Bit Axe
14:26 Horse Collar
20:02 Castle Age
18:41 Wheelbarrow
29:57 Forging
29:48 Scale Mail Armor
29:40 Fletching
30:31 Crossbowman
32:18 Hand Cart
40:29 Squires
41:57 Iron Casting
41:37 Chain Mail Armor
41:51 Arson
41:52 Gambesons
43:01 Elite Skirmisher
51:21 Imperial Age
48:37 Town Watch
49:13 Bodkin Arrow
50:26 Caravan
52:29 Padded Archer Armor
52:27 Hamask
55:47 Plate Mail Armor
56:17 Blast Furnace
55:23 Scale Barding Armor
55:21 Bracer
55:46 Bow Saw
55:22 Elite Varangian Guard
56:51 Elite Jomsviking
58:03 Leather Archer Armor
58:11 Northmen's Fury
59:41 Ballistics
Tonto
5:14 Loom
13:59 Feudal Age
14:41 Double-Bit Axe
15:22 Horse Collar
19:24 Wheelbarrow
20:07 Padded Archer Armor
19:58 Fletching
23:41 Castle Age
26:32 Bow Saw
26:24 Heavy Plow
26:35 Caravan
29:41 Crossbowman
32:31 Husbandry
32:54 Scale Barding Armor
33:01 Forging
32:46 Bodkin Arrow
33:07 Leather Archer Armor
35:31 Imperial Age
33:21 Hand Cart
34:53 Thumb Ring
35:11 Chain Barding Armor
35:27 Iron Casting
36:43 Ring Archer Armor
37:27 Two-Man Saw
37:01 Crop Rotation
39:03 Hoardings
41:20 Logistica
44:34 Plate Barding Armor
44:00 Bracer
47:23 Chemistry
46:43 Ballistics
47:16 Arbalester
49:06 Elite Cataphract
50:08 Conscription
54:19 Heavy Camel Rider
69:49 Murder Holes
Ahab Schrader
2:22 Loom
11:14 Feudal Age
12:40 Wheelbarrow
11:51 Town Watch
11:55 Double-Bit Axe
12:08 Horse Collar
15:00 Gold Mining
15:25 Stone Mining
21:51 Castle Age
21:47 Forging
21:38 Scale Mail Armor
21:23 Man-at-Arms
22:56 Hand Cart
22:48 Heavy Plow
23:07 Bow Saw
24:38 Town Patrol
25:33 Squires
24:54 Long Swordsman
26:45 Iron Casting
27:05 Chain Mail Armor
30:06 Caravan
32:29 Detinets
36:32 Imperial Age
35:24 Gold Shaft Mining
35:39 Fortified Wall
35:41 Masonry
35:26 Murder Holes
38:03 Two-Handed Swordsman
40:28 Conscription
40:08 Druzhina
39:40 Sappers
40:45 Hoardings
39:31 Elite Boyar
41:19 Blast Furnace
40:50 Plate Mail Armor
39:45 Champion
45:53 Crop Rotation
46:26 Two-Man Saw
50:58 Scale Barding Armor
52:33 Chain Barding Armor
53:09 Husbandry
53:20 Bloodlines
53:51 Plate Barding Armor
55:44 Coinage
67:56 Ballistics
68:36 Chemistry
67:42 Siege Engineers
68:16 Banking
Connection lost

Rejoining the realm…

Still unreachable

The connection could not be restored.

Session expired

The server has moved on; the page needs a fresh start.